Map: Eternal Empire LE

Players

JohnnyV - Winner!

  • Race: Terran Terran
  • League: Silver
  • Spawn Location: 7:00

lucas

  • Race: Protoss Protoss
  • League: Silver
  • Spawn Location: 1:00

VOD

Have the link to the VOD?

Description

Time

  • Played on: May 23, 2020, 9:01 p.m.
  • Length: 8:19
Show
View Real Time Build Order
Export as new Build Order

JohnnyV Terran - Winner!

Build Orders:  

Get SALT Encoding   

  12  0:01  SCV  
  13  0:17  Supply Depot  
  13  0:18  SCV  
  14  0:30  SCV  
  14  0:33  Refinery  
  15  0:42  Barracks  
  15  0:46  SCV  
  16  0:58  SCV  
  17  1:04  Refinery  
  17  1:10  SCV  
  18  1:22  SCV  
  19  1:29  Reaper  
  19  1:31  Supply Depot  
  20  1:35  SCV  
  20  1:36  Bunker  
  22  1:47  SCV  
  22  1:57  Factory  
  22  1:59  SCV  
  23  2:02  Marine  
  24  2:12  SCV  
  25  2:17  Engineering Bay  
  25  2:24  SCV  
  26  2:31  Barracks Tech Lab  
  26  2:44  Factory Tech Lab  
  26  2:59  Marine  
  27  3:05  Command Center  
  27  3:13  Starport  
  27  3:17  Siege Tank  
  30  3:23  Supply Depot  
  30  3:33  Orbital Command  
  30  3:39  Marine  
  29  4:03  Marine  
  30  4:16  Terran Infantry Weapons Level 1  
  30  4:18  Liberator  
  30  4:21  Marine  
  30  4:23  Barracks  
  34  4:28  Combat Shield, Siege Tank  
  37  4:38  Missile Turret  
  37  4:51  Marine  
  38  5:00  Supply Depot  
  38  5:11  Barracks Tech Lab  
  38  5:13  Barracks Reactor  
  38  5:16  Missile Turret  
  38  5:35  Starport Reactor  
  38  5:36  Marine  
  38  5:42  Cyclone  
  42  5:47  Barracks  
  42  5:50  Orbital Command  
  42  5:52  SCV  
  43  6:04  SCV  
  45  6:06  Concussive Shells, Marauder  
  45  6:07  Marine x2  
  48  6:12  Medivac x2  
  49  6:25  Marine  
  50  6:26  Siege Tank  
  50  6:29  Supply Depot  
  53  6:33  SCV x2  
  55  6:46  Marauder, Marine x3  
  60  6:58  Medivac  
  62  7:10  Marine x2  
  62  7:11  Marauder  
  62  7:15  Supply Depot  
  66  7:16  Supply Depot  
  66  7:49  Marine  
  63  7:59  Marine  
  63  8:00  Marine x2  
Show
View Real Time Build Order
Export as new Build Order

lucas Protoss 

Build Orders:  

Get SALT Encoding   

  12  0:01  Probe  
  13  0:13  Probe  
  14  0:17  Pylon  
  14  0:27  Probe  
  15  0:37  Gateway  
  15  0:39  Probe  
  16  0:46  Assimilator  
  16  0:54  Probe (Chrono Boost)  
  17  1:02  Gateway  
  18  1:05  Probe (Chrono Boost)  
  18  1:18  Probe  
  19  1:25  Cybernetics Core  
  19  1:38  Assimilator  
  19  1:39  Probe (Chrono Boost)  
  20  1:48  Probe (Chrono Boost)  
  21  1:55  Pylon  
  21  2:01  Warp Gate  
  21  2:14  Adept x2  
  25  2:33  Probe  
  25  2:35  Nexus  
  26  2:37  Pylon  
  26  3:05  Stalker  
  28  3:07  Sentry  
  30  3:20  Robotics Facility  
  30  3:25  Pylon  
  30  3:33  Twilight Council  
  30  3:34  Gateway  
  30  3:39  Gateway  
  28  4:20  Probe, Observer  
  30  4:27  Charge  
  30  4:32  Probe (Chrono Boost)  
  30  4:37  Probe (Chrono Boost)  
  32  4:42  Warp Prism  
  32  4:43  Probe (Chrono Boost)  
  36  4:47  Probe (Chrono Boost), Stalker x2  
  40  5:06  Probe (Chrono Boost)  
  42  5:09  Forge x2  
  42  5:10  Probe (Chrono Boost)  
  42  5:18  Probe (Chrono Boost)  
  44  5:21  Probe (Chrono Boost)  
  44  5:22  Probe (Chrono Boost)  
  45  5:37  Zealot x4  
  45  5:41  Assimilator  
  53  5:43  Probe x2, Assimilator  
  53  5:45  Protoss Ground Weapons Level 1  
  53  5:49  Protoss Ground Armor Level 1  
  55  6:01  Immortal  
  52  6:25  Shield Battery, Pylon  
  52  6:29  Pylon  
  52  6:32  Zealot x2  
  56  6:34  Zealot  
  58  6:45  Observer  
  59  6:51  Probe x2  
  61  6:58  Photon Cannon  
  61  7:03  Probe x2  
  63  7:10  Photon Cannon  
  63  7:15  Probe  
  63  7:19  Stalker  
  63  7:20  Stalker  
  63  7:22  Zealot  
  70  7:35  Stalker  
  72  7:43  Zealot x2  
  72  7:44  Zealot  
  66  8:01  Zealot  
  52  8:13  Stalker x3  
Tags
 
Add a new tag
Caveats
  • Supply blocks, unpowered buildings, or Contaminate may cause inaccurate times.
  • Supply counts are checked every 10 seconds.